 Dungeon Crawl Stone Soup version 0.30.0-5-g1a98f26d00 (webtiles) character file.

Game seed: 4285462542914535214

744 SnakkuSnakku7 the Insei (level 7, -4/37 HPs)
             Began as a Vine Stalker Fire Elementalist on May 13, 2023.
             Succumbed to Sigmund's poison
             ... on level 4 of the Dungeon.
             The game lasted 00:04:21 (2702 turns).

SnakkuSnakku7 the Insei (VSFE)                      Turns: 2702, Time: 00:04:21

Health: -4/37      AC: 11    Str: 13    XL:     7   Next: 76%
Magic:  7/11       EV:  3    Int: 15    God:
Gold:   290        SH:  0    Dex: 14    Spells: 9/10 levels left

rFire   . .          .
                       - Unarmed
rCold   . . .        (no shield)
rNeg    . . .        o - +0 plate armour
rPois   .            s - +0 helmet
rElec   .            (no cloak)
rCorr   +            (no gloves)
SInv    .            (no boots)
Will    .....        (no amulet) Stlth
                     r - ring of resist corrosion
HPRegen 1.06/turn    (no ring)
MPRegen 0.12/turn

%: guardian spirit
@: lethally poisoned (-4 -> -29)
A: fangs 2, regeneration 1, magic shield, antimagic bite, no potion heal 2
a: no special abilities


You were on level 4 of the Dungeon.
You visited 1 branch of the dungeon, and saw 4 of its levels.

You collected 290 gold pieces.

Inventory:

Missiles
 i - 5 poisoned darts
Armour
 a - a +0 robe
 e - a +0 ring mail
 o - a +0 plate armour (worn)
 s - a +0 helmet (worn)
Jewellery
 g - a ring of fire
 r - a ring of resist corrosion (left hand)
Wands
 t - a wand of paralysis (9)
Scrolls
 c - a scroll of noise {unknown}
 d - a scroll of teleportation {unknown}
 f - a scroll of amnesia {unknown}
 h - 3 scrolls of identify {unknown}
 j - a scroll of butterflies {unknown}
 k - a scroll of torment {unknown}
 l - a scroll of magic mapping {unknown}
Potions
 b - a potion of magic
 m - 2 potions of mutation {unknown}
 n - a potion of flight {unknown}
 p - 2 potions of attraction {unknown}
 q - a potion of resistance {unknown}
 u - a potion of heal wounds {unknown}


   Skills:
 - Level 4.0 Fighting
 - Level 1.5 Dodging
 - Level 2.4 Stealth
 + Level 6.8 Unarmed Combat
 - Level 2.1 Spellcasting
 - Level 1.0 Conjurations
 - Level 3.0 Fire Magic


You had 9 spell levels left.
You knew the following spells:

 Your Spells              Type           Power      Damage    Failure   Level
a - Foxfire               Conj/Fire      28%        2x1d5     100%        1

Your spell library contained the following spells:

 Spells                   Type           Power      Damage    Failure   Level
 Blink                    Tloc           2%         N/A       100%        2
 Scorch                   Fire           20%        2d5       100%        2
 Inner Flame              Hex/Fire       6%         N/A       100%        3
 Volatile Blastmotes      Fire/Tloc      12%        2d11      100%        3
 Flame Wave               Conj/Fire      7%         2d5       100%        4
 Manifold Assault         Tloc           1%         N/A       100%        4
 Storm Form               Tmut/Air       0%         N/A       100%        7


Dungeon Overview and Level Annotations

Branches:
Dungeon (4/15)
 Temple: D:4-7

Altars:
Ashenzari
Kikubaaqudgha

Annotations:
D:4 Sigmund


Innate Abilities, Weirdness & Mutations

You have extremely sharp teeth.
Your natural rate of healing is unusually fast.
When hurt, damage is shared between your health and your magic reserves.
Your bite disrupts and absorbs the magic of your enemies.
Potions cannot restore your health.


Message History

You drain its power.
The scorpion is heavily wounded.
The scorpion stings you.
You are poisoned.
The scorpion poisons you! Something hits you but does no damage.
You are more poisoned.
You hit the scorpion.
The scorpion is severely wounded.
You feel very sick.
The scorpion stings you but does no damage.
You closely miss the scorpion. You punch the scorpion. You bite the scorpion.
You drain its power.
The scorpion is almost dead.
You feel very sick. Something hits you!
You are more poisoned.
The scorpion stings you but does no damage.
You closely miss the scorpion.
You punch the scorpion, but do no damage.
The scorpion is almost dead.
You feel very sick. The scorpion completely misses you. Something hits you!
You are lethally poisoned!
Unknown command.
You hit the scorpion.
The scorpion is almost dead.
* * * LOW HITPOINT WARNING * * *
You feel extremely sick.
The scorpion stings you but does no damage.
You punch the scorpion!
You kill the scorpion!
* * * LOW HITPOINT WARNING * * *
You feel very sick. Something hits you but does no damage.
You are more poisoned.
Unknown command.
Aiming: Paralyse
Press: ? - help, Shift-Dir - straight line Nothing appears to happen.
You die...

#...##..... #...#####.. ## ##.##
#.. ..## .. ##.# ..... #.# #..#
..... ### #.## ......
#.######.##
......################........K.
...............@.........##.####
......†....######..####.....####
...).......#####...# #.......))
..........###.....## ##........
..##.....###.>#..## ###........
# ####### #.#..######..........
#.#.####....#........ #.#.#
#.......##.....
####...###..............


There were no monsters in sight!

Vanquished Creatures
  Pikel (D:3)
  An ogre (D:4)
  2 lemures (D:4)
  A scorpion (D:4)
  A hound (D:4)
  Robin (D:3)
  2 adders
  3 worms (D:2)
  3 dart slugs
  6 orcs (D:3)
  11 ball pythons
  3 bats
  3 endoplasms
  3 giant cockroaches
  16 goblins
  11 hobgoblins
  14 jackals
  4 quokkas
  2 frilled lizards (D:2)
  9 kobolds
  9 rats
106 creatures vanquished.

Vanquished Creatures (others)
  A foxfire (D:3)
1 creature vanquished.

Grand Total: 107 creatures vanquished

Notes
Turn   | Place    | Note
-------+----------+-------------------------------------------
     0 | D:1      | SnakkuSnakku7 the Vine Stalker Fire Elementalist began the
                  | quest for the Orb.
     0 | D:1      | Reached XP level 1. HP: 9/9 MP: 4/4
   114 | D:1      | Reached skill level 1 in Unarmed Combat
   114 | D:1      | Reached XP level 2. HP: 14/14 MP: 6/6
   246 | D:1      | Reached skill level 1 in Fighting
   825 | D:1      | Reached XP level 3. HP: 18/18 MP: 7/7
  1046 | D:2      | Reached skill level 2 in Unarmed Combat
  1183 | D:2      | Gained mutation: Your natural rate of healing is unusually
                  | fast. [Vine Stalker growth]
  1183 | D:2      | Reached XP level 4. HP: 4/23 MP: 3/8
  1996 | D:3      | Reached skill level 3 in Unarmed Combat
  2024 | D:3      | Reached XP level 5. HP: 27/27 MP: 9/9
  2025 | D:3      | Found an ancient bone altar of Kikubaaqudgha.
  2027 | D:3      | Noticed Robin
  2156 | D:3      | Found a broken altar of Ashenzari.
  2278 | D:4      | Noticed an ogre
  2291 | D:4      | Killed an ogre
  2341 | D:3      | Killed Robin
  2349 | D:3      | Reached XP level 6. HP: 28/32 MP: 6/10
  2426 | D:4      | Reached skill level 4 in Unarmed Combat
  2519 | D:4      | Noticed Pikel
  2558 | D:3      | Killed Pikel
  2559 | D:3      | Reached skill level 6 in Unarmed Combat
  2559 | D:3      | Reached XP level 7. HP: 13/37 MP: 6/11
  2678 | D:4      | Noticed Sigmund
  2702 | D:4      | Succumbed to Sigmund's poison

Illustrated notes

Levels and vault maps discovered:
D:1:      dpeg_arrival_oval, layout_loops_corners
D:2:      layout_rooms
D:3:      layout_basic, nicolae_overflow_hidden_temple,
          amcnicky_mini_pool_small, uniq_robin
D:4:      layout_rooms, uniq_crazy_yiuf_cottage, uniq_pikel, uniq_sigmund

Skill      XL: |  1  2  3  4  5  6 |
---------------+-------------------+-----
Unarmed Combat | 1 2 3 6 |  6.8
Fighting       | 1 2 3 4 |  4.0
Dodging        | |  1.5
Stealth        | |  2.4
Spellcasting   | |  2.1
Conjurations   | |  1.0
Fire Magic     | |  3.0

Action                     |  1- 3 |  4- 6 |  7- 9 || total
---------------------------+-------+-------+-------++-------
  Melee: Unarmed           |   185 |   298 |    26 ||   509
         Bite              |    47 |    87 |     9 ||   143
         Punch             |     1 |     8 |     2 ||    11
  Throw: Dart              |       |     3 |       ||     3
   Cast: Foxfire           |       |     1 |       ||     1
  Evoke: Wand              |       |     2 |     1 ||     3
   Stab: Sleeping          |     5 |       |       ||     5
         Distracted        |     2 |       |       ||     2
         Paralysed         |       |     5 |       ||     5
 Armour: Robe              |     4 |       |       ||     4
         Ring mail         |    87 |    42 |       ||   129
         Plate armour      |       |   145 |    26 ||   171
  Dodge: Dodged            |   122 |   114 |     3 ||   239
